 Dungeon Crawl Stone Soup version 0.28.0-47-ge53b351184 (webtiles) character file.

Game seed: 17892312913974781990

182 Iusername the Skirmisher (level 5, 0/47 HPs)
             Began as a Minotaur Fighter on May 6, 2022.
             Was an Initiate of the Shining One.
             Slain by Dowan
             ... wielding a +0 dagger
              (3 damage)
             ... on level 4 of the Dungeon.
             The game lasted 00:03:54 (2333 turns).

Iusername the Skirmisher (Minotaur Fighter)         Turns: 2333, Time: 00:03:55

Health: 0/47       AC:  7    Str: 22    XL:     5   Next: 34%
Magic:  4/4        EV: 13    Int:  5    God:    the Shining One [......]
Gold:   167        SH:  4    Dex: 10    Spells: 4/4 levels left

rFire   . . .      SeeInvis .   a - +0 war axe
rCold   . . .      Faith    .   c - +0 buckler
rNeg    . . .      Spirit   .   b - +0 scale mail
rPois   .          Reflect  .   (helmet restricted)
rElec   .          Harm     .   (no cloak)
rCorr   .          Rampage  .   (no gloves)
Will    .....                   (no boots)
Stlth   ..........              (no amulet)
HPRegen 0.15/turn               p - +4 ring of evasion
MPRegen 0.09/turn               (no ring)

@: mighty, hasted, glowing, invisible (but backlit and visible), very quick
A: horns 2, retaliatory headbutt
a: Renounce Religion


You were on level 4 of the Dungeon.
You worshipped the Shining One.
The Shining One was noncommittal.
You visited 1 branch of the dungeon, and saw 4 of its levels.

You collected 167 gold pieces.

Inventory:

Hand Weapons
 a - a +0 war axe (weapon)
Armour
 b - a +0 scale mail (worn)
 c - a +0 buckler (worn)
Jewellery
 p - a +4 ring of evasion (left hand)
Wands
 u - a wand of paralysis (10)
Scrolls
 e - a scroll of enchant weapon {unknown}
 g - a scroll of holy word {unknown}
 h - a scroll of silence {unknown}
 i - a scroll of magic mapping {unknown}
 l - 3 scrolls of teleportation {unknown}
 m - a scroll of enchant armour {unknown}
 n - 2 scrolls of identify {unknown}
 r - 2 scrolls of fear {unknown}
 s - a scroll of noise {unknown}
 t - a scroll of summoning {unknown}
Potions
 f - a potion of berserk rage {unknown}
 j - a potion of lignification {unknown}
 o - a potion of haste
 q - a potion of heal wounds {unknown}
 v - a potion of curing {unknown}


   Skills:
 + Level 4.8 Fighting
 + Level 3.9 Axes
 + Level 4.8 Armour
 + Level 4.8 Shields


You had 4 spell levels left.
You didn't know any spells.
Your spell library was empty.

Dungeon Overview and Level Annotations

Branches:
Dungeon (4/15)
 Temple: D:4-7

Altars:
Zin
The Shining One

Shops:
D:1 [

Annotations:
D:4 Dowan, Duvessa


Innate Abilities, Weirdness & Mutations

You have a pair of horns on your head.
You reflexively headbutt those who attack you in melee.


Message History

Duvessa is lightly wounded.
Duvessa says, "Where magic fails, the sword succeeds!"
Duvessa hits you with a +0 rapier!
You hit Duvessa but do no damage.
A kobold comes into view. It is wielding a +0 whip.
You block Duvessa's attack. Dowan barely misses you.
You miss Dowan. You headbutt Dowan!
Dowan is heavily wounded.
You hit Duvessa. Duvessa hits you with a +0 rapier.
Dowan completely misses you. You furiously retaliate!
You headbutt Dowan. You barely miss Dowan.
Dowan is severely wounded.
You barely miss Duvessa. You miss the kobold.
Duvessa hits you with a +0 rapier! The kobold misses you.
Dowan points at you and mumbles some strange words.
The puff of frost hits you!
* * * LOW HITPOINT WARNING * * *
Duvessa hits you with a +0 rapier.
* * * LOW HITPOINT WARNING * * *
You block the kobold's attack. You block Dowan's attack.
You feel very mighty all of a sudden. The kobold hits you with a +0 whip.
* * * LOW HITPOINT WARNING * * *
Duvessa barely misses you. You furiously retaliate!
You headbutt Duvessa!!
Dowan smirks and points a slender finger.
Dowan points at you and mumbles some strange words.
The puff of flame hits you.
* * * LOW HITPOINT WARNING * * *
It was a potion of haste.
You feel yourself speed up. You block Duvessa's attack.
The kobold barely misses you. You furiously retaliate!
You headbutt the kobold!!
You kill the kobold!
Dowan hits you with a +0 dagger.
* * * LOW HITPOINT WARNING * * *
It was a potion of invisibility.
You become transparent, but the glow from your halo prevents you from becoming completely invisible.
You completely miss Dowan.
Dowan is severely wounded.
You barely miss Duvessa. Duvessa misses you. Dowan hits you with a +0 dagger.
You die...

.# . .. ..
.# ... #..
....#####.#
..........#
......ee#.<
.....##@#.#
#...).#.#
#.###.#.##
#....#
####.#
.#.####.#
........##
###.##...##
#.###...##


You could see Duvessa and Dowan.

Vanquished Creatures
  A scorpion (D:3)
  An orc priest (D:4)
  An orc wizard (D:3)
  A gnoll (D:3)
  2 worms
  A dart slug (D:3)
  6 orcs
  A bat (D:2)
  2 endoplasms
  A giant cockroach (D:3)
  3 goblins
  6 hobgoblins
  8 quokkas
  4 ball pythons
  5 frilled lizards
  2 kobolds
  4 rats
49 creatures vanquished.

Notes
Turn   | Place    | Note
-------+----------+-------------------------------------------
     0 | D:1      | Iusername the Minotaur Fighter began the quest for the Orb.
     0 | D:1      | Reached XP level 1. HP: 19/19 MP: 0/0
    64 | D:1      | Found Jiwneupn's Antique Armour Boutique.
   350 | D:1      | Reached XP level 2. HP: 27/27 MP: 1/1
  1190 | D:3      | Found a glowing golden altar of the Shining One.
  1255 | D:3      | Noticed a scorpion
  1260 | D:3      | Killed a scorpion
  1261 | D:3      | Reached XP level 3. HP: 30/34 MP: 2/2
  1261 | D:3      | Reached XP level 4. HP: 37/41 MP: 3/3
  1268 | D:3      | Became a worshipper of the Shining One
  1431 | D:3      | Found a faded altar of an unknown god.
  1634 | D:3      | Reached XP level 5. HP: 33/47 MP: 4/4
  2091 | D:3      | Found a glowing silver altar of Zin.
  2091 | D:3      | Noticed an angel
  2323 | D:4      | Noticed Dowan
  2324 | D:4      | Noticed Duvessa
  2333 | D:4      | Slain by Dowan

Illustrated notes

Levels and vault maps discovered:
D:1:      psy_arrival_wood_between_worlds, layout_basic, serial_shops,
          nicolae_shop_overgrown_old_shop
D:2:      layout_rooms, minmay_lizard_pond
D:3:      layout_basic, zin_angel, tso_metal_star, nicolae_ecumenical_pavilion,
          kennysheep_potato
D:4:      cheibrodos_greedy_goblins, layout_rooms, grunt_gozag_breadcrumbs,
          mainiacjoe_overflow_concentric_impassable,
          nicolae_ossuary_entry_false_entrances, uniq_duvessa

Skill      XL: |  1  2 |
---------------+-------+-----
Fighting       | 4 |  4.8
Armour         | 4 |  4.8
Shields        | 4 |  4.8
Axes           | 3 |  3.9

Action                   |  1- 3 |  4- 6 || total
-------------------------+-------+-------++-------
Melee: War axe           |    42 |    56 ||    98
       Headbutt          |     5 |     9 ||    14
  Use: Potion            |       |     3 ||     3
Armor: Scale mail        |    21 |    24 ||    45
Dodge: Dodged            |    27 |    29 ||    56
Block: Buckler           |     8 |    14 ||    22
